 Dungeon Crawl Stone Soup version 0.27-a0-1136-g0b992a5a9d (webtiles) character file.

Game seed: 9472447617859990168

12889 1player the Basher (level 11, 0/97 HPs)
             Began as a Pale Draconian Abyssal Knight on May 5, 2021.
             Was an Elder of Lugonu.
             Slain by a six-headed hydra (1 damage)
             ... while petrified by a basilisk
             ... on level 1 of the Lair of Beasts.
             The game lasted 00:26:38 (14841 turns).

1player the Basher (Pale Draconian Abyssal Knight) Turns: 14841, Time: 00:26:38

Health: 0/97       AC: 14    Str: 16    XL:     11   Next: 68%
Magic:  15/18      EV:  2    Int: 14    God:    Lugonu [****..]
Gold:   609        SH:  0    Dex: 17    Spells: 10/10 levels left

rFire    . . .     SeeInvis .   a - +3 morningstar (flame)
rCold    . . .     Faith    .   l - +0 buckler
rNeg     + + +     Spirit   .   (armour unavailable)
rPois    ∞         Reflect  .   t - +0 hat
rElec    .         Harm     .   o - +0 cloak
rCorr    .         Rampage  .   A - +2 pair of gloves
Will     .....                  V - +2 pair of boots
Stlth    ++........             (no amulet)
HPRegen  0.26/turn              i - +6 ring of dexterity
MPRegen  0.16/turn              U - ring of wizardry

@: petrified
A: breathe steam, AC +7, unfitting armour, cold-blooded, steam resistance
a: Breathe Steam, Renounce Religion, Depart the Abyss, Bend Space, Banish,
Corrupt


You were on level 1 of the Lair of Beasts.
You worshipped Lugonu.
Lugonu was greatly pleased with you.
You visited 2 branches of the dungeon, and saw 12 of its levels.
You visited the Abyss 1 time.

You collected 770 gold pieces.
You spent 161 gold pieces at shops.

Inventory:

Hand Weapons
 a - a +3 morningstar of flaming (weapon)
 b - a +2 spear of venom
Missiles
 G - 5 boomerangs of dispersal
 I - 7 curare-tipped darts
Armour
 l - a +0 buckler (worn)
 o - a +0 cloak (worn)
 t - a +0 hat (worn)
 A - a +2 pair of gloves (worn)
 V - a +2 pair of boots (worn)
Jewellery
 d - a ring of fire
 i - a +6 ring of dexterity (left hand)
 y - a ring of positive energy
 U - a ring of wizardry (right hand)
Wands
 K - a wand of mindburst (15)
 M - a wand of flame (30)
 R - a wand of polymorph (4)
Scrolls
 H - 3 scrolls of teleportation
 L - a scroll of fear
 P - a scroll of magic mapping
 Q - 2 scrolls of amnesia
 T - 2 scrolls of identify {@r1}
Potions
 j - 3 potions of mutation {!q}
 p - 2 potions of brilliance
 r - 3 potions of curing {@q1}
 w - 2 potions of resistance
 z - 3 potions of might
 C - a potion of invisibility
 E - 2 potions of haste
 F - 2 potions of flight
 O - a potion of attraction
 S - 2 potions of heal wounds {@q2}


   Skills:
 - Level 9.0 Fighting
 + Level 11.0 Maces & Flails
 - Level 9.0 Dodging
 - Level 4.0 Shields
 + Level 9.9 Invocations


You had 10 spell levels left.
You didn't know any spells.
Your spell library contained the following spells:

 Spells                   Type           Power      Damage    Failure   Level
 Magic Dart               Conj           0%         1d3       12%         1
 Summon Small Mammal      Summ           0%         N/A       12%         1
 Blink                    Tloc           N/A        N/A       17%         2
 Call Imp                 Summ           0%         N/A       17%         2
 Slow                     Hex            0%         N/A       17%         2
 Call Canine Familiar     Summ           0%         N/A       32%         3
 Conjure Flame            Conj/Fire      0%         6-21      32%         3
 Mephitic Cloud           Conj/Pois/Air  0%         N/A       32%         3
 Summon Guardian Golem    Hex/Summ       0%         N/A       32%         3
 Summon Ice Beast         Ice/Summ       0%         N/A       71%         4
 Summon Lightning Spire   Summ/Air       0%         N/A       71%         4


Dungeon Overview and Level Annotations

Branches:
Dungeon (11/15)            Temple (0/1) D:7            Lair (1/6) D:11
    Orc (0/2) D:11

Altars:
Wu Jian

Shops:
D:3 (   D:5 (

Annotations:
D:4 1 runed translucent door, Crazy Yiuf
Lair:1 Joseph


Innate Abilities, Weirdness & Mutations

You can breathe blasts of scalding, opaque steam.
Your pale cyan-grey scales are hard. (AC +7)
You cannot fit into any form of body armour.
You are cold-blooded and may be slowed by cold attacks.
You are immune to the effects of steam.


Message History

The six-headed hydra bites you but does no damage.
The six-headed hydra bites you! x2
The six-headed hydra bites you but does no damage. x3
The six-headed hydra bites you but does no damage.
The six-headed hydra bites you. x3
The six-headed hydra bites you but does no damage. x2
The six-headed hydra bites you but does no damage.
The six-headed hydra bites you.
The six-headed hydra completely misses you.
The six-headed hydra bites you but does no damage.
The six-headed hydra bites you. The six-headed hydra bites you!
The six-headed hydra bites you.
The six-headed hydra bites you but does no damage.
The six-headed hydra bites you. x3; The six-headed hydra bites you!
The six-headed hydra bites you but does no damage. x2
The six-headed hydra bites you. x2
The six-headed hydra bites you but does no damage.
The six-headed hydra bites you!
* * * LOW HITPOINT WARNING * * *
The six-headed hydra bites you.
* * * LOW HITPOINT WARNING * * *
The six-headed hydra bites you!
* * * LOW HITPOINT WARNING * * *
The six-headed hydra bites you.
* * * LOW HITPOINT WARNING * * *
The six-headed hydra bites you.
* * * LOW HITPOINT WARNING * * *
The six-headed hydra bites you but does no damage. x2
The six-headed hydra bites you!
* * * LOW HITPOINT WARNING * * *
The six-headed hydra bites you but does no damage.
The six-headed hydra bites you.
* * * LOW HITPOINT WARNING * * *
The six-headed hydra bites you but does no damage. x2
The six-headed hydra bites you!
* * * LOW HITPOINT WARNING * * *
The six-headed hydra bites you!
* * * LOW HITPOINT WARNING * * *
The six-headed hydra bites you.
You die...

#... ##..<# ....##
#... #....##
.....#
#.....###....
###....#...#
#.#..†#..P#
####...## ##.#.###
##..†.## #..@D.##
###....## ##
##....########.###
#......#.........
####............>
#....§........
####.P##..###.
#####..#
########..###.


You could see a six-headed hydra.

Vanquished Creatures
  A hydra (Lair:1)
  A two-headed ogre (D:11)
  A cane toad (Lair:1)
  Psyche (D:11)
  A komodo dragon (D:11)
  2 trolls
  A shadow (D:11)
  3 steam dragons
  4 wyverns
  19 yaks
  4 vampire mosquitoes (D:11)
  3 wargs (D:10)
  Edmund (D:5)
  6 water moccasins
  A black bear (D:6)
  5 orc warriors
  4 ice beasts
  2 necrophages
  2 ogres
  4 centaurs
  6 kobold brigands
  4 bullfrogs
  A gnoll sergeant (D:9)
  2 scorpions (D:5)
  3 wights (D:8)
  A wyvern skeleton (D:7)
  4 killer bees (D:7)
  5 howler monkeys
  4 centaur zombies
  4 orc priests
  2 hounds (D:6)
  A jelly (D:5)
  A centaur skeleton (D:7)
  Jessica (D:2)
  A bullfrog skeleton (D:4)
  2 iguanas
  4 orc wizards
  2 scorpion zombies (D:5)
  2 hound skeletons
  Robin (D:2)
  2 howler monkey zombies
  7 gnolls
  5 adders
  A white imp (D:8)
  2 worms (D:5)
  26 orcs
  8 ball pythons
  5 bats
  9 endoplasms
  4 giant cockroaches
  11 hobgoblins
  7 jackals
  35 kobolds
  2 quokkas
  2 frilled lizards (D:2)
  10 goblins
  7 rats
260 creatures vanquished.

Vanquished Creatures (others)
  An orc (D:11)
  A bush (D:11)
  5 fungi
  19 plants
26 creatures vanquished.

Grand Total: 286 creatures vanquished

Notes
Turn   | Place    | Note
-------+----------+-------------------------------------------
     0 | Abyss:1  | 1player the Draconian Abyssal Knight began the quest for
                  | the Orb.
     0 | Abyss:1  | Reached XP level 1. HP: 19/19 MP: 2/2
    55 | Abyss:1  | Noticed a wretched star
    56 | D:1      | Escaped the Abyss
   404 | D:1      | Reached * piety under Lugonu
   407 | D:1      | Reached XP level 2. HP: 26/26 MP: 3/3
   503 | D:1      | Reached skill level 3 in Maces & Flails
  1116 | D:2      | Noticed Jessica
  1156 | D:2      | Killed Jessica
  1157 | D:2      | Reached XP level 3. HP: 28/33 MP: 4/4
  1781 | D:2      | Reached XP level 4. HP: 35/41 MP: 5/5
  2059 | D:2      | Noticed Robin
  2089 | D:2      | Reached skill level 1 in Shields
  2241 | D:2      | Killed Robin
  2533 | D:2      | Reached ** piety under Lugonu
  2840 | D:3      | Noticed an ice beast
  2898 | D:3      | Found Viasit's Antique Weapon Shop.
  3221 | D:3      | Killed an ice beast
  3222 | D:3      | Reached XP level 5. HP: 47/47 MP: 6/6
  3399 | D:4      | Found a runed translucent door.
  3400 | D:4      | Noticed Crazy Yiuf
  3583 | D:4      | Reached XP level 6. HP: 42/55 MP: 7/7
  3743 | D:4      | Reached skill level 5 in Fighting
  4504 | D:5      | Entered Level 5 of the Dungeon
  4592 | D:5      | Your scales start taking on a pale cyan-grey colour.
  4592 | D:5      | Reached XP level 7. HP: 62/62 MP: 8/10
  4592 | D:5      | Gained mutation: You are immune to the effects of steam.
                  | [Pale Draconian growth]
  4622 | D:5      | Noticed Edmund
  4837 | D:5      | Killed Edmund
  4906 | D:5      | Reached skill level 5 in Invocations
  5035 | D:5      | Reached *** piety under Lugonu
  5128 | D:5      | Identified the +8 arbalest of Ythroulo {elec, rC+ Str+5}
  5266 | D:5      | Found Maniuck's Antique Weapon Emporium.
  5285 | D:5      | Bought a runed morningstar for 161 gold pieces
  5391 | D:5      | Reached XP level 8. HP: 67/73 MP: 12/12
  6106 | D:6      | Reached skill level 4 in Maces & Flails
  6417 | D:6      | Reached skill level 5 in Maces & Flails
  6634 | D:7      | Reached skill level 6 in Maces & Flails
  6654 | D:7      | Reached skill level 7 in Maces & Flails
  6654 | D:7      | Reached XP level 9. HP: 65/79 MP: 14/14
  6869 | D:7      | Found an ornate altar of the Wu Jian Council.
  7352 | D:7      | Reached skill level 8 in Maces & Flails
  7794 | D:7      | Found a staircase to the Ecumenical Temple.
  8075 | D:7      | Reached skill level 9 in Maces & Flails
  9281 | D:8      | Reached **** piety under Lugonu
  9655 | D:8      | Reached XP level 10. HP: 86/86 MP: 16/16
  9674 | D:8      | Reached skill level 10 in Maces & Flails
 11993 | D:10     | Entered Level 10 of the Dungeon
 12419 | D:10     | Reached skill level 5 in Dodging
 12574 | D:10     | Identified the +11 hand axe of Munkalus {vorpal, Will++}
 12882 | D:11     | Reached ***** piety under Lugonu
 12974 | D:11     | Found a staircase to the Lair.
 12983 | D:11     | Reached XP level 11. HP: 92/97 MP: 17/17
 13176 | D:11     | Noticed a two-headed ogre
 13184 | D:11     | Killed a two-headed ogre
 13475 | D:11     | Found a staircase to the Orcish Mines.
 13848 | D:11     | Noticed Psyche
 14032 | D:11     | Paralysed by Psyche for 5 turns
 14037 | D:11     | Killed Psyche
 14321 | Lair:1   | Entered Level 1 of the Lair of Beasts
 14330 | Lair:1   | Noticed Joseph
 14332 | Lair:1   | Noticed a five-headed hydra
 14344 | Lair:1   | Killed a five-headed hydra
 14794 | Lair:1   | Reached skill level 11 in Maces & Flails
 14816 | Lair:1   | Noticed a six-headed hydra
 14841 | Lair:1   | HP: 1/97 [six-headed hydra (5)]
 14841 | Lair:1   | Slain by a six-headed hydra

Illustrated notes

Levels and vault maps discovered:
D:1:      eino_arrival_water_cross, layout_loops_ring, minivault_24
D:2:      layout_basic, serial_bayou_pond_b, kennysheep_generic_room_16,
          uniq_robin, uniq_jessica
D:3:      layout_basic, serial_shops, shop_coins
D:4:      layout_loops_ring, serial_glass, glass_columns_c, glass_columns_a,
          glass_columns_b, glass_columns_c, uniq_crazy_yiuf_cottage
D:5:      layout_loops_cross, serial_shops, shop, minmay_between, uniq_edmund
D:6:      layout_gridville, kennysheep_nondescript
D:7:      minmay_inner_zag, layout_loops_ring, nicolae_wu_jian_wuxing_cycle,
          minmay_temple_entry_antechambers
D:8:      layout_loops_corners
D:9:      layout_basic, st_stairs_3
D:10:     layout_small_grid, evilmike_butchery
D:11:     layout_irregular_city, minmay_lair_entry_grove,
          minmay_orc_entry_guard_dogs, uniq_psyche
Lair:1:   layout_concentric_octagons, serial_bayou_pond_e, uniq_joseph,
          uniq_sonja

Skill      XL: |  1  2  3  4  5  6  7  8  9 10 11 |
---------------+----------------------------------+-----
Maces & Flails | 3 7 9 10 11 | 11.0
Fighting       | 4 5 7 9 |  9.0
Shields        | 4 |  4.0
Invocations    | 4 5 7 9 |  9.9
Dodging        | 6 9 |  9.0

Action                   |  1- 3 |  4- 6 |  7- 9 | 10-12 || total
-------------------------+-------+-------+-------+-------++-------
Melee: Mace              |    15 |       |       |       ||    15
       Spear             |    49 |   149 |   231 |    31 ||   460
       Tailslap          |     4 |    19 |    53 |    24 ||   100
       Morningstar       |       |       |     9 |   154 ||   163
Throw: Throwing net      |       |     1 |       |       ||     1
Invok: Depart the Abyss  |     1 |       |       |       ||     1
       Banish            |       |       |       |     4 ||     4
       Bend Space        |       |       |       |     1 ||     1
 Abil: Breathe Steam     |       |       |    23 |    33 ||    56
  Use: Scroll            |       |     3 |    12 |     5 ||    20
 Stab: Sleeping          |     2 |     3 |     6 |     1 ||    12
       Distracted        |       |     1 |       |       ||     1
Armor: Skin              |    24 |    26 |   100 |    80 ||   230
Dodge: Dodged            |    28 |    63 |   142 |   151 ||   384
Block: Buckler           |     3 |    29 |    74 |    60 ||   166

Table legend: (Time is in decaauts)
 A = Elapsed time spent in this place.
 B = Non-inter-level travel time spent in this place.
 C = Inter-level travel time spent in this place.
 D = Time resting spent in this place.
 E = Time spent auto-exploring this place.
 F = Levels seen in this place.
 G = Mean time per level.
                   A        B        C        D        E       F      G
               +--------+--------+--------+--------+--------+-----+--------+
         Total |  14900 |  14253 |    647 |   4200 |   7584 |  13 | 1146.2 |
       Dungeon |  14453 |  13818 |    635 |   3950 |   7488 |  11 | 1313.9 |
          Lair |    390 |    378 |     12 |    250 |     41 |   1 |  390.0 |
         Abyss |     56 |     56 |      0 |      0 |     55 |   1 |   56.0 |
               +--------+--------+--------+--------+--------+-----+--------+

Top non-repeatable levels by time:
     D:7: 1949 daAuts
     D:9: 1827 daAuts
     D:2: 1669 daAuts
     D:8: 1661 daAuts
    D:11: 1442 daAuts
     D:4: 1162 daAuts
     D:5: 1047 daAuts
    D:10: 1014 daAuts
     D:1: 1012 daAuts
     D:6: 996 daAuts
     D:3: 669 daAuts
  Lair:1: 390 daAuts
 Abyss:1: 56 daAuts
